 Dungeon Crawl Stone Soup version 0.28-a0-1206-g193881aaa2 (webtiles) character file.

Game seed: 17500191583272875046

6 blank1 the Skirmisher (level 1, -1/20 HPs)
             Began as a Hill Orc Fighter on Dec 21, 2021.
             Slain by a hobgoblin (3 damage)
             ... on level 1 of the Dungeon.
             The game lasted 00:00:34 (110 turns).

blank1 the Skirmisher (Hill Orc Fighter)             Turns: 110, Time: 00:00:35

Health: -1/20      AC:  6    Str: 18    XL:     1   Next: 90%
Magic:  1/1        EV:  9    Int:  8    God:
Gold:   0          SH:  4    Dex: 10    Spells: 0/0 levels left

rFire   . . .      SeeInvis .   a - +0 war axe
rCold   . . .      Faith    .   c - +0 buckler
rNeg    . . .      Spirit   .   b - +0 scale mail
rPois   .          Reflect  .   (no helmet)
rElec   .          Harm     .   (no cloak)
rCorr   .          Rampage  .   (no gloves)
Will    .....                   (no boots)
Stlth   ..........              (no amulet)
HPRegen 0.06/turn               (no ring)
MPRegen 0.07/turn               (no ring)

@: very slow
A: no striking features
a: no special abilities


You were on level 1 of the Dungeon.
You visited 1 branch of the dungeon, and saw 1 of its levels.

Inventory:

Hand Weapons
 a - a +0 war axe (weapon)
Armour
 b - a +0 scale mail (worn)
 c - a +0 buckler (worn)
Scrolls
 e - 2 scrolls of identify {unknown}
Potions
 d - a potion of might


   Skills:
 + Level 3.7 Fighting
 + Level 2.8 Axes
 + Level 3.3 Armour
 + Level 0.2 Dodging
 + Level 3.3 Shields


You couldn't memorise any spells.
You didn't know any spells.
Your spell library was empty.

Dungeon Overview and Level Annotations

Branches:
Dungeon (1/15)

Altars:

Shops:
D:1 =


Message History

A hobgoblin is nearby!
A hobgoblin is nearby!
The hobgoblin barely misses you.
An endoplasm comes into view.
You closely miss the hobgoblin.
The endoplasm quivers.
The hobgoblin hits you but does no damage.
The hobgoblin hits you with a +0 hand axe.
You hit the hobgoblin but do no damage.
The hobgoblin hits you with a +0 hand axe!
You closely miss the hobgoblin. You block the hobgoblin's attack.
A kobold comes into view. It is wielding a +0 dagger.
You closely miss the hobgoblin. You hit the endoplasm.
The hobgoblin hits you with a +0 hand axe!
* * * LOW HITPOINT WARNING * * *
You block the endoplasm's attack.
The hobgoblin hits you with a +0 hand axe.
* * * LOW HITPOINT WARNING * * *
The endoplasm freezes you.
You are frozen.
* * * LOW HITPOINT WARNING * * *
Unknown command.
Unknown command.
Unknown command.
Unknown command.
Unknown command.
Unknown command.
Unknown command.
Unknown command.
A giant cockroach comes into view.
Unknown command.
A hobgoblin comes into view.
The hobgoblin shouts!
You hear a shout!
A frilled lizard comes into view.
The frilled lizard hisses angrily.
A kobold comes into view. It is wielding a +0 dagger.
You enter the shallow water.
Moving in this stuff is going to be slow.
The hobgoblin hits you with a +0 hand axe.
You die...

♣♣♣♣∩♣♣♣♣ ♣♣≈≈≈≈≈≈≈♣♣
♣♣≈♣♣♣♣♣♣♣≈♣♣
♣♣≈♣♣≈≈≈≈≈♣♣≈♣♣
♣≈♣♣≈≈♣♣♣♣≈♣♣≈♣
♣≈♣≈♣♣≈≈≈♣♣≈♣≈♣
♣♣≈♣≈♣∩≈♣♣≈♣≈♣≈♣♣
♣∩≈♣≈♣♣≈∩♣≈♣≈♣≈∩♣
♣♣≈♣≈≈≈≈♣♣≈♣≈♣@♣♣
♣≈♣∩♣♣♣≈≈♣♣≈♣g♣ K
♣≈♣♣♣≈≈≈♣♣≈♣♣J♣ ..
.♣♣≈≈≈♣♣♣♣≈♣♣K♣♣.l.
..♣♣∩♣♣≈≈≈♣♣.♣♣g...
#.♣♣♣<≈♣♣♣g♣♣..... .#
#..♣♣♣♣♣.B♣♣......
..##.................
#..#........B..##.##.


You could see an endoplasm, a hobgoblin and a kobold.

Vanquished Creatures
  A dart slug (D:1)
  A goblin (D:1)
  A hobgoblin (D:1)
  A rat (D:1)
4 creatures vanquished.

Notes
Turn   | Place    | Note
-------+----------+-------------------------------------------
     0 | D:1      | blank1 the Hill Orc Fighter began the quest for the Orb.
     0 | D:1      | Reached XP level 1. HP: 19/19 MP: 1/1
    79 | D:1      | Found Ogusits's Jewellery Shoppe.
    93 | D:1      | HP: 1/20 [frozen (1)]
   110 | D:1      | Slain by a hobgoblin

Illustrated notes

Levels and vault maps discovered:
D:1:      nagdon_arrival_double_spiral, layout_rooms, serial_shops,
          nicolae_square_shop

Action                   || total
-------------------------++-------
Melee: War axe           ||    12
Armor: Scale mail        ||     3
Dodge: Dodged            ||     4
Block: Buckler           ||     3

Table legend: (Time is in decaauts)
 A = Elapsed time spent in this place.
 B = Non-inter-level travel time spent in this place.
 C = Inter-level travel time spent in this place.
 D = Time resting spent in this place.
 E = Time spent auto-exploring this place.
 F = Levels seen in this place.
 G = Mean time per level.
                   A        B        C        D        E       F      G
               +--------+--------+--------+--------+--------+-----+--------+
         Total |    147 |    147 |      0 |      0 |     97 |   1 |  147.0 |
       Dungeon |    147 |    147 |      0 |      0 |     97 |   1 |  147.0 |
               +--------+--------+--------+--------+--------+-----+--------+

Top non-repeatable levels by time:
     D:1: 147 daAuts
